 Dungeon Crawl Stone Soup version 0.29.1-15-g9cfb28693d (webtiles) character file.

Game seed: 9682167376220736535

318 protoss039 the Digger (level 6, -1/47 HPs)
             Began as a Demonspawn Earth Elementalist on Mar 3, 2023.
             Killed by divine providence
             ... invoked by an orc priest
              (17 damage)
             ... on level 3 of the Dungeon.
             The game lasted 00:03:17 (3291 turns).

protoss039 the Digger (DsEE)                        Turns: 3291, Time: 00:03:18

Health: -1/47      AC:  3    Str:  8    XL:     6   Next: 21%
Magic:  11/11      EV: 11    Int: 18    God:
Gold:   66         SH:  0    Dex: 14    Spells: 6/12 levels left

rFire   . . .      SeeInvis .   f - +1 dagger (venom)
rCold   . . .      Faith    .   (no shield)
rNeg    . . .      Spirit   .   h - +0 leather armour
rPois   .          Reflect  .   (no helmet)
rElec   .          Harm     .   (no cloak)
rCorr   .          Rampage  .   (no gloves)
Will    .....                   (no boots)
Stlth   ++........              (no amulet)
HPRegen 0.15/turn               (no ring)
MPRegen 0.12/turn               (no ring)

@: hasted, very quick
A: claws 1, foul stench 1
a: no special abilities


You were on level 3 of the Dungeon.
You visited 1 branch of the dungeon, and saw 3 of its levels.

You collected 66 gold pieces.

Inventory:

Hand Weapons
 f - a +1 dagger of venom (weapon)
Armour
 h - a +0 leather armour (worn)
Scrolls
 a - 4 scrolls of identify {unknown}
 c - 2 scrolls of teleportation {unknown}
 i - a scroll of acquirement {unknown}
 j - a scroll of enchant armour {unknown}
 k - a scroll of poison {unknown}
 l - a scroll of enchant weapon {unknown}
 m - a scroll of vulnerability {unknown}
Potions
 b - a potion of magic
 d - a potion of attraction {unknown}
 e - a potion of resistance {unknown}
 g - 2 potions of haste
 n - 2 potions of flight {unknown}
 o - a potion of mutation {unknown}


   Skills:
 + Level 3.4 Fighting
 - Level 1.7 Dodging
 - Level 1.7 Stealth
 + Level 3.8 Spellcasting
 + Level 0.0 Conjurations
 - Level 0.8 Transmutations
 + Level 4.2 Earth Magic


You had 6 spell levels left.
You knew the following spells:

 Your Spells              Type           Power      Damage    Failure   Level
a - Sandblast             Erth           36%        2d10      3%          1
b - Passwall              Tmut/Erth      10%        N/A       12%         2
c - Stone Arrow           Conj/Erth      22%        3d8       26%         3

Your spell library contained the following spells:

 Spells                   Type           Power      Damage    Failure   Level
 Ensorcelled Hibernation  Hex/Ice        6%         N/A       32%         2
 Scorch                   Fire           6%         2d5       32%         2
 Spider Form              Tmut/Pois      5%         N/A       50%         3
 Petrify                  Tmut/Erth      12%        N/A       58%         4
 Anguish                  Hex/Necr       1%         N/A       91%         4
 Flame Wave               Conj/Fire      3%         2d5       91%         4
 Borgnjor's Vile Clutch   Necr/Erth      5%         N/A       94%         5
 Alistair's Intoxication  Tmut/Pois      3%         N/A       99%         5
 Eringya's Noxious Bog    Tmut/Pois      2%         N/A       100%        6
 Summon Cactus Giant      Summ           1%         N/A       100%        6


Dungeon Overview and Level Annotations

Branches:
Dungeon (3/15) Zot: 14686

Altars:

Shops:
D:2 (


Innate Abilities, Weirdness & Mutations

You have sharp fingernails.
You may rarely emit foul miasma when damaged in melee.


Message History

Found an escape hatch in the floor.
No target in view!
There is an escape hatch in the floor here.
You see here a +0 vorpal hand axe.
No target in view! 2 orcs come into view.
The orc shouts!
You hear a shout! x2
The orc shouts!
An orc comes into view. It is wielding a +0 trident.
There are monsters nearby!
There are monsters nearby!
There are monsters nearby!
The orc hits you but does no damage.
There are monsters nearby!
You completely miss the orc.
An orc priest comes into view. It is wielding a +0 falchion.
You hit the orc.
The orc is poisoned.
The orc is lightly wounded.
The orc priest invokes the aid of Beogh against you.
Beogh smites you! The orc hits you with a +0 short sword.
Unknown command.
You hit the orc.
The orc looks even sicker.
The orc is heavily wounded.
The orc hits you with a +0 war axe!
The orc priest looks braver for a moment.
The orc hits you from afar with a +0 trident.
The orc closely misses you.
Unknown command.
Unknown command.
You are too injured to fight recklessly!
Unknown command.
Unknown command.
You barely miss the orc. The orc misses you.
The orc hits you from afar with a +0 trident!
The orc barely misses you.
It was a potion of haste.
You feel yourself speed up. The orc hits you but does no damage.
The orc priest calls down the wrath of Beogh upon you.
Beogh smites you!
You die...

##.## #.##.#
#<.####..## #.# #.#
#.##.# #..# #..# #.#
#.# #.##.# #^.####..#
#.# ..# #.##.#
#........# #.# ###
#.##.####..###..#####
#.##..................
#####..###.#######
######..# #.#
......o@# #.#
######o## #.# #o #.#
#o #.# .. .# .. .## .


You could see an orc priest and 3 orcs.

Vanquished Creatures
  Sigmund (D:2)
  Terence (D:2)
  Natasha (thrice) (D:2)
  An adder (D:2)
  2 dart slugs (D:1)
  3 ball pythons
  3 bats
  7 endoplasms
  4 giant cockroaches (D:2)
  2 goblins
  8 hobgoblins
  4 jackals (D:2)
  A quokka (D:2)
  5 frilled lizards (D:1)
  5 kobolds
  4 rats
54 creatures vanquished.

Notes
Turn   | Place    | Note
-------+----------+-------------------------------------------
     0 | D:1      | protoss039 the Demonspawn Earth Elementalist began the
                  | quest for the Orb.
     0 | D:1      | Reached XP level 1. HP: 13/13 MP: 3/3
   681 | D:1      | Gained mutation: You have sharp fingernails. [demonic
                  | ancestry]
   681 | D:1      | Reached XP level 2. HP: 17/20 MP: 1/5
   747 | D:1      | Reached skill level 1 in Fighting
   783 | D:1      | Reached skill level 3 in Earth Magic
  1122 | D:1      | Reached XP level 3. HP: 24/26 MP: 6/6
  1905 | D:1      | Learned a level 2 spell: Passwall
  1969 | D:2      | Noticed Natasha
  1974 | D:2      | Killed Natasha
  2156 | D:2      | Noticed Natasha
  2161 | D:2      | Killed Natasha
  2162 | D:2      | Reached XP level 4. HP: 33/33 MP: 5/8
  2209 | D:2      | Noticed Sigmund
  2220 | D:2      | Killed Sigmund
  2221 | D:2      | Reached skill level 4 in Earth Magic
  2221 | D:2      | Gained mutation: You may rarely emit foul miasma when
                  | damaged in melee. [demonic ancestry]
  2221 | D:2      | Reached XP level 5. HP: 39/41 MP: 7/10
  2227 | D:2      | Found a faded altar of an unknown god.
  2585 | D:2      | Found Maupaushic's Weapon Shoppe.
  2758 | D:2      | Noticed Terence
  2776 | D:2      | Killed Terence
  2777 | D:2      | Reached XP level 6. HP: 47/47 MP: 11/11
  2808 | D:2      | Noticed Natasha
  2811 | D:2      | Killed Natasha
  3149 | D:2      | Learned a level 3 spell: Stone Arrow
  3291 | D:3      | Killed from afar by an orc priest

Illustrated notes

Levels and vault maps discovered:
D:1:      ncdulo_smallfort, layout_basic, serial_forest,
          infiniplex_forest_lined_4_way, infiniplex_forest_lined_room_2,
          infiniplex_forest_clump_C, infiniplex_forest_end_2,
          hangedman_abyss_or_decor_stabs
D:2:      layout_basic, serial_shops, nicolae_shop_bloodbath_and_beyond,
          hellmonk_ecumenical_altar_run_dry, uniq_natasha, uniq_terence,
          uniq_sigmund
D:3:      layout_loops_ring, mainiacjoe_overflow_alcove_2, minmay_misc_feat_iff

Skill      XL: |  1  2  3  4 |
---------------+-------------+-----
Fighting       | 1 2 3 |  3.4
Earth Magic    | 3 4 |  4.2
Spellcasting   | 3 |  3.8
Dodging        | |  1.7
Stealth        | |  1.7
Transmutations | |  0.8

Action                   |  1- 3 |  4- 6 || total
-------------------------+-------+-------++-------
Melee: Club              |    18 |       ||    18
       Unarmed           |     4 |       ||     4
       Dagger            |    34 |    52 ||    86
       Punch             |       |     1 ||     1
 Cast: Sandblast         |    32 |     3 ||    35
  Use: Potion            |       |     1 ||     1
 Stab: Sleeping          |     1 |     1 ||     2
Armor: Robe              |     7 |       ||     7
       Leather armour    |     1 |    10 ||    11
Dodge: Dodged            |    57 |    38 ||    95
